 Dungeon Crawl Stone Soup version 0.22-a0-512-g0943f25562 (webtiles) character file.

18 Karna the Vexing (level 2, -2/21 HPs)
             Began as a Barachi Arcane Marksman on June 18, 2018.
             Slain by an ooze (3 damage)
             ... on level 2 of the Dungeon.
             The game lasted 00:03:15 (1117 turns).

Karna the Vexing (Barachi Arcane Marksman)          Turns: 1117, Time: 00:03:16

Health: -2/21      AC:  2    Str: 16    XL:     2   Next: 70%
Magic:  3/3        EV: 12    Int: 13    God:
Gold:   18         SH:  0    Dex: 12    Spells: 2/3 levels left

rFire    . . .     SeeInvis .   g - +0 club
rCold    . . .     Gourm    .   (no shield)
rNeg     . . .     Faith    .   e - +0 robe
rPois    .         Spirit   .   (no helmet)
rElec    .         Reflect  .   j - scarf {cloud immunity}
rCorr    .         Harm     .   (no gloves)
MR       .....                  (no boots)
Stlth    +.........             (no amulet)
HPRegen  0.07/turn              (no ring)
MPRegen  0.08/turn              (no ring)

@: mighty, slow
A: +LOS, swims, slowness 1, strong legs 1
a: Hop


You were on level 2 of the Dungeon.
You were very hungry.

You visited 1 branch of the dungeon, and saw 2 of its levels.

You collected 18 gold pieces.

Inventory:

Hand Weapons
 a - a +0 shortbow
 g - a +0 club (weapon)
Missiles
 b - 44 stones (quivered)
 d - 43 arrows
Armour
 c - a +0 leather armour
 e - a +0 robe (worn)
 j - a scarf of cloud immunity (worn)
Jewellery
 i - a cursed ring of teleportation {unknown}
Scrolls
 h - a scroll of remove curse {unknown}
 l - a scroll of identify {unknown}
 m - a scroll of enchant armour {unknown}
 n - a scroll of teleportation {unknown}
Comestibles
 f - 3 rations


   Skills:
 - Level 1.2 Fighting
 + Level 2.6 Bows
 - Level 2.1 Dodging
 - Level 1.1 Spellcasting
 + Level 3.8 Hexes


You had 2 spell levels left.
You knew the following spells:

 Your Spells              Type           Power        Failure   Level  Hunger
a - Corona                Hex            ##.....      6%          1    ##.....

Your spell library contained the following spells:

 Spells                   Type           Power        Failure   Level  Hunger
 Cause Fear               Hex            ##........   50%         4    #####..
 Slow                     Hex            ##......     9%          2    ###....
 Portal Projectile        Hex/Tloc       #.....       36%         3    ####...
 Leda's Liquefaction      Hex/Erth       #.........   77%         4    #####..
 Inner Flame              Hex/Fire       #.......     36%         3    ####...


Dungeon Overview and Level Annotations

Branches:
Dungeon (2/15)

Altars:


Innate Abilities, Weirdness & Mutations

Shadows flee at your approach. (+LOS)
You can swim through water.
You cover ground slowly.
You can hop short distances.


Message History

The adder hisses angrily.
The bat hits you but does no damage.
The centaur wields a shortbow.
The centaur shoots an arrow.
The arrow hits you.
The centaur shoots an arrow.
The arrow hits you.
* * * LOW HITPOINT WARNING * * *
You see here 2 arrows.
The bat barely misses you.
The centaur shoots an arrow.
The arrow hits you.
* * * LOW HITPOINT WARNING * * *
You see here an arrow.
Unknown command.
The bat hits you but does no damage. The bat closely misses you.
The bat misses you. The ooze hits you.
* * * LOW HITPOINT WARNING * * *
The bat closely misses you.
A leopard gecko comes into view.
Okay, then.
It was a potion of might.
You feel very mighty all of a sudden. The ooze hits you.
You die...

.. #####.†..# #......# #.
#######'##.###..%...##
#........#.....w....J#
#........###########.#
#........#.#### ####.#
#........+....# #....#
#........#.#.# #.###.
#######+###.#...####.###.
.l......@JgSJ(.....w.....
..###########.(.####.####
..../.............
#####.#.......####
#............
###.#.#$.##.## .........
# .#.#.#.#.## ..#........


You could see 2 oozes, an adder, a leopard gecko (sleeping) and a goblin.

Vanquished Creatures
  An adder (D:2)
  2 dart slugs (D:1)
  A giant cockroach (D:1)
  A kobold (D:1)
  2 rats (D:1)
7 creatures vanquished.

Notes
Turn   | Place    | Note
-------+----------+-------------------------------------------
     0 | D:1      | Karna the Barachi Arcane Marksman began the quest for the Orb.
     0 | D:1      | Reached XP level 1. HP: 15/15 MP: 2/2
   628 | D:1      | Reached XP level 2. HP: 15/21 MP: 3/3
  1109 | D:2      | Noticed a centaur
  1111 | D:2      | HP: 1/21 [centaur/arrow (3)]
  1117 | D:2      | Slain by an ooze

Vault maps used:
D:1:      minmay_arrival_shattered_statue

Action                   || total
-------------------------++-------
Melee: Club              ||    32
       Unarmed           ||     1
Throw: Stone             ||     5
 Cast: Corona            ||     3
  Use: Potion            ||     1
Armor: Robe              ||     9
Dodge: Dodged            ||    28

Table legend:
 A = Spawn XP
 B = Non-spawn XP
 C = Spawn XP percentage of total XP
 D = Spawn monster count
 E = Non-spawn monster count
 F = Spawn count percentage of total count
 G = Total turns spent on level
                    A         B        C        D         E        F      G
               +---------+---------+-------+---------+---------+-------+---------
         Total |       0 |      27 |   0.0 |       0 |       7 |   0.0 |  1117
               +---------+---------+-------+---------+---------+-------+---------
           D:1 |       0 |      14 |   0.0 |       0 |       6 |   0.0 |  1036
           D:2 |       0 |      13 |   0.0 |       0 |       1 |   0.0 |    81
               +---------+---------+-------+---------+---------+-------+---------
